 Dungeon Crawl Stone Soup version 0.28-a0-802-g09f76e8c00 (webtiles) character file.

Game seed: 14614992875510577532

30532 croobank the Severer (level 13, -11/109 HPs)
             Began as a Minotaur Berserker on Nov 6, 2021.
             Was an Elder of Trog.
             Killed by divine providence
             ... invoked by an orc priest
              (16 damage)
             ... on level 1 of the Orcish Mines on Nov 7, 2021.
             The game lasted 02:23:10 (16205 turns).

croobank the Severer (Minotaur Berserker)          Turns: 16205, Time: 02:23:11

Health: -11/109    AC: 22    Str: 23      XL:     13   Next: 21%
Magic:  12/12      EV: 16    Int:  2 (4)  God:    Trog [****..]
Gold:   988        SH:  0    Dex: 18      Spells: 12/12 levels left

rFire   . . .      SeeInvis .   V - +7 war axe (vorpal)
rCold   . . .      Faith    .   (no shield)
rNeg    . . .      Spirit   .   n - +5 plate armour
rPois   .          Reflect  .   (helmet restricted)
rElec   .          Harm     .   p - +0 cloak
rCorr   .          Rampage  .   T - +0 pair of gloves
Will    ++...                   (no boots)
Stlth   ..........              (no amulet)
HPRegen 1.28/turn               t - +6 ring of dexterity
MPRegen 0.13/turn               C - +4 ring of evasion

@: strong-willed, on berserk cooldown, regenerating
A: horns 2, retaliatory headbutt, frail 1, weak 1
a: Renounce Religion, Berserk, Trog's Hand, Brothers in Arms


You were on level 1 of the Orcish Mines.
You worshipped Trog.
Trog was greatly pleased with you.
You visited 3 branches of the dungeon, and saw 13 of its levels.
You also visited: Ossuary.

You collected 1472 gold pieces.
You spent 484 gold pieces at shops.

Inventory:

Hand Weapons
 l - a +4 dire flail
 m - a +1 battleaxe
 o - a +0 whip of venom
 y - a +1 bardiche
 z - a +2 dagger of venom
 A - a +4 dagger
 D - a +3 broad axe
 I - a +2 dagger
 J - a +2 great sword
 K - a +2 long sword of flaming
 N - a +2 dagger of electrocution
 Q - a +1 war axe of flaming
 V - a +7 vorpal war axe (weapon)
 X - a +2 flail of protection
Missiles
 h - 199 stones
 M - 3 curare-tipped darts (quivered)
 O - 29 poisoned darts
 S - 2 throwing nets
 U - 18 boomerangs
Armour
 c - a +3 leather armour
 e - quicksilver dragon scales
 i - a +0 tower shield
 n - a +5 plate armour (worn)
 p - a +0 cloak (worn)
 v - a scarf of invisibility
 T - a +0 pair of gloves (worn)
Jewellery
 a - a ring of protection from cold
 s - a ring of protection from fire
 t - a +6 ring of dexterity (left hand)
 x - a ring of poison resistance
 C - a +4 ring of evasion (right hand)
 L - a ring of willpower
Wands
 f - a wand of digging (2)
Scrolls
 b - 4 scrolls of amnesia
 q - a scroll of immolation {unknown}
 F - a scroll of acquirement {unknown}
 G - a scroll of teleportation
Potions
 d - a potion of might
 g - a potion of mutation {unknown}
 j - 2 potions of magic
 k - 2 potions of flight
 r - 3 potions of lignification
 u - a potion of ambrosia
 w - 3 potions of brilliance
 E - 3 potions of attraction


   Skills:
 + Level 13.3 Fighting
 + Level 18.2 Axes
 + Level 2.8 Throwing
 + Level 10.1 Armour
 + Level 9.6 Dodging
 + Level 3.6 Stealth
 + Level 1.1 Evocations


You had 12 spell levels left.
You didn't know any spells.
Your spell library contained the following spells:

 Spells                   Type           Power      Damage    Failure   Level
 Foxfire                  Conj/Fire      0%         2x1d4     100%        1
 Magic Dart               Conj           0%         1d3       100%        1
 Sting                    Tmut/Pois      0%         1d3       100%        1
 Corpse Rot               Necr/Air       0%         N/A       100%        2
 Ensorcelled Hibernation  Hex/Ice        0%         N/A       100%        2
 Searing Ray              Conj           0%         2d4       100%        2
 Conjure Flame            Conj/Fire      0%         6-21      100%        3
 Ignite Poison            Fire/Tmut/Pois 0%         N/A       100%        3
 Inner Flame              Hex/Fire       0%         N/A       100%        3
 Mephitic Cloud           Conj/Pois/Air  0%         N/A       100%        3
 Tukima's Dance           Hex            0%         N/A       100%        3
 Animate Dead             Necr           0%         N/A       100%        4
 Dispel Undead            Necr           0%         3d6       100%        4
 Flame Wave               Conj/Fire      0%         3d3       100%        4
 Fulminant Prism          Conj/Hex       0%         3d6       100%        4
 Freezing Cloud           Conj/Ice/Air   0%         6-21      100%        5
 Death Channel            Necr           0%         N/A       100%        6
 Haunt                    Necr/Summ      0%         N/A       100%        7
 Infestation              Necr           0%         N/A       100%        8


Dungeon Overview and Level Annotations

Branches:
Dungeon (10/15)            Temple (1/1) D:5             Orc (2/2) D:10
    Elf (0/3) Orc:2       Ossuary (visited)
   Lair: D:8-11

Altars:
Cheibriados
Dithmenos
Elyvilon
Fedhas
Gozag
Hepliaklqana
Kikubaaqudgha
Makhleb
Nemelex Xobeh
Okawaru
Qazlal
Ru
Sif Muna
Trog
Uskayaw
Vehumet
Wu Jian
Xom
Yredelemnul
Zin
The Shining One

Shops:
Orc:1 *   Orc:2 =*[(


Innate Abilities, Weirdness & Mutations

You have a pair of horns on your head.
You reflexively headbutt those who attack you in melee.
You are frail. (-10% HP)
You are weak. (Str -2)


Message History

You throw a curare-tipped dart.
The curare-tipped dart hits the orc warlord.
The orc warlord is poisoned.
The orc warlord convulses.
The orc warlord seems to slow down.
The orc warlord is lightly wounded.
Throw: 4 darts (curare)
Press: ? - help, Q - select action, (/) - cycle Shift-Dir - straight line, f/p - orc warlord
Aim: an orc warlord, wielding a +0 long sword and wearing a +3 chain mail of cold resistance (lightly wounded, very poisoned, slow, 73% to hit)
You throw a curare-tipped dart.
The curare-tipped dart hits the orc warlord.
The orc warlord looks as sick as possible!
The orc warlord convulses.
The orc warlord seems to be slow for longer.
The orc warlord is lightly wounded.
The orc priest no longer looks unusually strong.
You hit the orc warlord. You headbutt the orc warlord!
The orc warlord is moderately wounded.
You slash the orc warlord!
The orc warlord is heavily wounded.
You closely miss the orc priest.
The orc warlord roars a battlecry!
The orc priest goes into a battle-frenzy!
The orc priest miscasts a cantrip.
You hit the orc warlord.
The orc warlord is heavily wounded.
You hit the orc priest. The orc priest misses you.
The orc warlord hits you with a +0 long sword!
* * * LOW HITPOINT WARNING * * *
Okay, then.
Okay, then.
Your skin crawls.
You feel strong-willed.
You feel yourself speed up.
The orc priest invokes the aid of Beogh against you.
Beogh smites you!
* * * LOW HITPOINT WARNING * * *
The orc warlord hits you with a +0 long sword.
* * * LOW HITPOINT WARNING * * *
The orc priest invokes the aid of Beogh against you.
Beogh smites you!
You die...

.....###........##.#...
#.....#..)..[....####..
#....#.)##.##....#.#..
#.....))#####.......#.
#.......#.##....#...#.
.###.#....)..##.####.###
..............)))##### #
........o...).)...#
#......@8...))8...#
........o.(......##
..########'''#######
#.........).......
#.................
#..8..#..#).#..8.. #
#### #.................
##
##..###.................
.#
#.....#..#..#######.o#..


You could see an orc warlord (very poisoned, slow) and an orc priest (strong).

Vanquished Creatures
  The ghost of jasper the Warrior, a journeyman MiBe of Trog (Orc:2)
  An orc warlord (Orc:2)
  The ghost of frimble the Grappler, a journeyman TrWr (D:9)
  A two-headed ogre (D:9)
  2 death yaks (D:9)
  4 orc high priests
  Sonja (Orc:1)
  5 orc knights
  A deep elf pyromancer (D:9)
  4 orc sorcerers
  Maggie (D:7)
  2 polar bears (D:9)
  Grinder (D:5)
  2 trolls
  5 slime creatures (D:9)
  Sigmund (D:3)
  2 shadows (D:9)
  A wraith (D:9)
  2 hogs (D:8)
  14 yaks (D:8)
  2 humans
  2 steam dragons
  5 wargs (Orc:1)
  3 water moccasins (D:8)
  4 acid dragons
  Duvessa (D:7)
  A black bear (D:6)
  28 orc warriors
  4 ice beasts
  A necrophage (D:6)
  9 ogres
  2 centaurs
  A wolf (D:9)
  A kobold brigand (D:8)
  2 gnoll sergeants
  2 bullfrogs
  4 scorpions
  A wyvern zombie (D:6)
  Dowan (D:7)
  A water moccasin skeleton (D:5)
  6 killer bees (D:9)
  3 wights (D:7)
  3 electric eels (D:9)
  2 howler monkeys (D:8)
  A bullfrog zombie (D:6)
  A centaur zombie (D:7)
  A bullfrog skeleton (D:3)
  A gnoll shaman (D:5)
  3 jellies
  2 centaur skeletons
  3 hounds
  A human zombie (Ossuary)
  21 orc priests
  2 iguanas
  22 orc wizards
  A killer bee zombie (D:8)
  2 centaur simulacra (D:9)
  2 hound zombies (Ossuary)
  4 mummies (Ossuary)
  2 hound skeletons (D:4)
  13 gnolls
  8 adders
  4 white imps
  A howler monkey simulacrum (D:9)
  An adder zombie (Ossuary)
  A worm (D:2)
  A dart slug (D:3)
  83 orcs
  12 ball pythons
  6 bats
  5 endoplasms
  A giant cockroach (D:4)
  17 goblins
  6 hobgoblins
  4 jackals
  9 kobolds
  5 quokkas
  3 frilled lizards
  3 goblin zombies (Ossuary)
  2 hobgoblin zombies (Ossuary)
  A jackal zombie (Ossuary)
  An orc zombie (Ossuary)
  6 rats
  A rat zombie (Ossuary)
404 creatures vanquished.

Vanquished Creatures (collateral kills)
  The ghost of krigyl the Arsonist, a journeyman FeWz of Vehumet (Orc:2)
  A two-headed ogre (D:9)
  2 orc high priests (Orc:2)
  2 orc knights (Orc:2)
  An orc sorcerer (Orc:2)
  A troll (Orc:2)
  A slime creature (D:9)
  A yak (D:9)
  6 orc warriors (Orc:2)
  An ice beast (D:9)
  3 orc priests (Orc:2)
  An orc wizard (Orc:2)
  3 gnolls (D:9)
  A white imp (D:9)
  8 orcs (Orc:2)
33 creatures vanquished.

Vanquished Creatures (others)
  An orc wizard (D:6)
  An orc (Orc:2)
  29 plants
31 creatures vanquished.

Grand Total: 468 creatures vanquished

Notes
Turn   | Place    | Note
-------+----------+-------------------------------------------
     0 | D:1      | croobank the Minotaur Berserker began the quest for the
                  | Orb.
     0 | D:1      | Reached XP level 1. HP: 19/19 MP: 0/0
   193 | D:1      | Reached XP level 2. HP: 27/27 MP: 1/1
   275 | D:1      | Reached skill level 4 in Axes
   322 | D:1      | Found a faded altar of an unknown god.
   328 | D:1      | Got Plato's Almanac of Poison
   936 | D:2      | Reached XP level 3. HP: 28/33 MP: 2/2
  1157 | D:2      | Found a basalt altar of Yredelemnul.
  1171 | D:2      | Reached ** piety under Trog
  1372 | D:2      | Reached XP level 4. HP: 37/41 MP: 3/3
  1812 | D:3      | Noticed a scorpion
  1820 | D:3      | Killed a scorpion
  1821 | D:3      | Reached skill level 5 in Axes
  1821 | D:3      | Reached XP level 5. HP: 38/47 MP: 4/4
  2455 | D:3      | Noticed Sigmund
  2470 | D:3      | Killed Sigmund
  2471 | D:3      | Reached skill level 6 in Axes
  2471 | D:3      | Reached skill level 1 in Stealth
  2471 | D:3      | Reached XP level 6. HP: 38/55 MP: 5/5
  2982 | D:4      | Found a blossoming altar of Fedhas.
  3000 | D:4      | Found a shimmering altar of Xom.
  3027 | D:4      | Found a shimmering altar of Xom.
  3027 | D:4      | Found a shimmering altar of Xom.
  3029 | D:4      | Found a shimmering altar of Xom.
  3030 | D:4      | Found a shimmering altar of Xom.
  3031 | D:4      | Found a shimmering altar of Xom.
  3033 | D:4      | Found a shimmering altar of Xom.
  3058 | D:4      | Found a shadowy altar of Dithmenos.
  3279 | D:4      | Found a glowing golden altar of the Shining One.
  3345 | D:4      | Reached *** piety under Trog
  3347 | D:4      | Reached skill level 5 in Armour
  3347 | D:4      | Reached XP level 7. HP: 59/60 MP: 6/6
  3355 | D:4      | Reached skill level 5 in Fighting
  3612 | D:4      | Found Zin's Purification Station.
  3615 | D:4      | Found a glowing silver altar of Zin.
  3618 | D:4      | Bought a potion of curing for 90 gold pieces
  3918 | D:4      | Reached **** piety under Trog
  3922 | D:4      | Reached skill level 7 in Axes
  4167 | D:5      | Entered Level 5 of the Dungeon
  4198 | D:5      | Found an iron altar of Okawaru.
  4496 | D:5      | Found a staircase to the Ecumenical Temple.
  4505 | Temple   | Entered the Ecumenical Temple
  4607 | D:5      | Noticed Grinder
  4618 | D:5      | Killed Grinder
  4619 | D:5      | Reached skill level 8 in Axes
  4619 | D:5      | Reached XP level 8. HP: 65/70 MP: 7/7
  4929 | D:5      | Found a runed translucent door.
  4931 | D:5      | Found a basalt altar of Yredelemnul.
  4934 | D:5      | Reached skill level 9 in Axes
  5313 | D:6      | Reached skill level 10 in Axes
  5341 | D:6      | Reached XP level 9. HP: 58/78 MP: 8/8
  5539 | D:6      | Reached skill level 5 in Dodging
  5791 | D:6      | Found a radiant altar of Vehumet.
  6076 | D:6      | Found a white marble altar of Elyvilon.
  6082 | D:6      | Found a hazy altar of Hepliaklqana.
  6295 | D:7      | Reached skill level 11 in Axes
  6476 | D:7      | Found a hide-covered altar of Uskayaw.
  6486 | D:7      | Noticed Maggie
  6512 | D:7      | Killed Maggie
  6636 | D:7      | Found a sand-covered staircase.
  6646 | Ossuary  | Entered an ossuary
  6833 | D:7      | Noticed Dowan
  6840 | D:7      | Noticed Duvessa
  6844 | D:7      | Killed Duvessa
  6845 | D:7      | Reached skill level 12 in Axes
  6863 | D:7      | Killed Dowan
  7391 | D:8      | Reached ***** piety under Trog
  7429 | D:8      | Reached skill level 13 in Axes
  7440 | D:8      | Reached XP level 10. HP: 48/88 MP: 9/9
  8300 | D:8      | Reached skill level 14 in Axes
  8996 | D:9      | Noticed a death yak
  9005 | D:9      | Killed a death yak
  9006 | D:9      | Reached skill level 15 in Axes
  9006 | D:9      | Reached XP level 11. HP: 97/97 MP: 10/10
  9027 | D:9      | Identified the +0 leather armour of Experimentation {rPois}
  9067 | D:9      | Found a transporter.
  9070 | D:9      | Noticed a two-headed ogre
  9070 | D:9      | Noticed frimble's ghost (journeyman TrWr)
  9071 | D:9      | Found a transporter.
  9071 | D:9      | Noticed a two-headed ogre
  9084 | D:9      | Killed a two-headed ogre
  9085 | D:9      | Reached skill level 1 in Evocations
  9185 | D:9      | Received a gift from Trog
  9376 | D:9      | Noticed a death yak
  9382 | D:9      | Noticed a deep elf pyromancer
  9389 | D:9      | Killed a death yak
  9729 | D:9      | Found a sacrificial altar of Ru.
  9750 | D:9      | Killed a deep elf pyromancer
  9751 | D:9      | Reached skill level 10 in Fighting
 10113 | D:9      | Killed a two-headed ogre
 10114 | D:9      | Reached skill level 1 in Throwing
 10506 | D:9      | Reached skill level 16 in Axes
 10527 | D:9      | Killed frimble's ghost
 11999 | D:10     | Entered Level 10 of the Dungeon
 12144 | D:10     | Found a staircase to the Orcish Mines.
 12276 | Orc:1    | Entered Level 1 of the Orcish Mines
 12322 | Orc:1    | Found Sis Ummoge's General Store.
 12331 | Orc:1    | Bought a scroll of teleportation for 48 gold pieces
 12549 | Orc:2    | Entered Level 2 of the Orcish Mines
 12550 | Orc:2    | Noticed an orc high priest
 12554 | Orc:2    | Noticed a sun demon
 12555 | Orc:2    | Noticed a sun demon
 12555 | Orc:2    | Received a gift from Trog
 12558 | Orc:2    | Gained mutation: You are weak. (Str -2) [a neqoxec]
 12575 | Orc:2    | Reached XP level 12. HP: 99/110 MP: 11/11
 12578 | Orc:2    | Killed an orc high priest
 12582 | Orc:2    | Found a staircase to the Elven Halls.
 12617 | Orc:1    | Reached skill level 17 in Axes
 12876 | Orc:2    | Noticed an orc high priest
 12886 | Orc:2    | Killed an orc high priest
 12983 | Orc:2    | Found a runed translucent gate.
 12983 | Orc:2    | Found a runed translucent gate.
 12983 | Orc:2    | Found a runed translucent gate.
 12988 | Orc:2    | Noticed krigyl's ghost (journeyman FeWz)
 12988 | Orc:2    | Noticed jasper's ghost (journeyman MiBe)
 13425 | Orc:2    | Noticed an orc high priest
 13429 | Orc:2    | Noticed an orc warlord
 13486 | Orc:2    | Killed an orc high priest
 13505 | Orc:2    | Noticed an orc high priest
 13911 | Orc:2    | Killed an orc warlord
 13916 | Orc:2    | Killed an orc high priest
 14510 | Orc:2    | Noticed an orc high priest
 14518 | Orc:2    | Gained mutation: You are frail. (-10% HP) [a neqoxec]
 14522 | Orc:2    | Killed an orc high priest
 15059 | Orc:2    | Found Yxke's General Store.
 15060 | Orc:2    | Found Veital's Jewellery Shoppe.
 15062 | Orc:2    | Found Geojar's Antique Armour Emporium.
 15062 | Orc:2    | Found Hassoama's Antique Weapon Emporium.
 15080 | Orc:2    | Bought a scroll of identify for 22 gold pieces
 15080 | Orc:2    | Bought a scroll of identify for 22 gold pieces
 15080 | Orc:2    | Bought a scroll of enchant weapon for 82 gold pieces
 15353 | Orc:2    | Killed krigyl's ghost
 15354 | Orc:2    | Reached skill level 18 in Axes
 15358 | Orc:2    | Killed jasper's ghost
 15359 | Orc:2    | Reached XP level 13. HP: 70/109 MP: 12/12
 15626 | Orc:2    | Bought a scarf of invisibility for 132 gold pieces
 15626 | Orc:2    | Bought a potion of heal wounds for 55 gold pieces
 15626 | Orc:2    | Bought a potion of curing for 33 gold pieces
 15701 | Orc:1    | Noticed Sonja
 15717 | Orc:1    | Killed Sonja
 16139 | Orc:1    | Reached skill level 10 in Armour
 16190 | Orc:1    | Noticed an orc warlord
 16205 | Orc:1    | HP: 5/109 [orc warlord (6)]
 16205 | Orc:1    | Killed from afar by an orc priest

Illustrated notes

Levels and vault maps discovered:
D:1:      roderic_chinese_lattice_arrival, layout_loops_ring,
          shapermc_ecumenical_altar_rom_forum
D:2:      layout_loops_ring, basic_altar, serial_bayou_pond_e
D:3:      wad_river_or_something, layout_loops_ring, uniq_sigmund
D:4:      cheibrodos_greedy_goblins, layout_loops_corners, xom_redecorated,
          zin_purify, nicolae_dithmenos_shadow_blocks,
          nicolae_tso_carved_into_rock, fedhas_altar_2,
          minmay_fractal_squares_diagonal_5
D:5:      layout_basic, dk_yredelemnul_ordeal, okawaru_metal_pillars_1_2,
          minmay_temple_entry_glassed_door, lemuel_another_geyser, uniq_grinder
D:6:      minmay_angry_zag, layout_loops_ring, fiery_altar_vehumet, minitemple,
          minmay_statues_item, small_statue_intersection
D:7:      layout_rooms, lemuel_round_altar, enter_ossuary_3,
          uniq_crazy_yiuf_cottage, uniq_maggie, uniq_duvessa
D:8:      layout_rooms, chequers_mini_garden, grunt_livestock,
          grunt_ministairs_5
D:9:      layout_irregular_city, mainiacjoe_overflow_cross_hatched, serial_ice,
          serial_ice_i, serial_ice_m, serial_ice_b, serial_ice_e, serial_ice_h,
          gammafunk_ghost_arena
D:10:     layout_gridville, general_overflow_altar, dpeg_oklobed_lair,
          david_orc_4
Temple:   kb_temple_of_zot
Orc:1:    layout_caves, serial_shops, shop_statue, minmay_orc_temple_c,
          uniq_sonja
Orc:2:    st_orc_congregation, layout_caves, gammafunk_ghost_cemetery

Skill      XL: |  1  2  3  4  5  6  7  8  9 10 11 12 13 |
---------------+----------------------------------------+-----
Axes           | 4 5 6 8 10 13 15 16 18 | 18.2
Fighting       | 4 6 7 9 11 13 | 13.3
Dodging        | 3 4 5 7 8 9 |  9.6
Armour         | 3 4 5 6 7 8 9 10 | 10.1
Stealth        | 1 2 3 |  3.6
Evocations     | 1 |  1.1
Throwing       | 1 2 |  2.8

Action                   |  1- 3 |  4- 6 |  7- 9 | 10-12 | 13-15 || total
-------------------------+-------+-------+-------+-------+-------++-------
Melee: Hand axe          |    20 |       |       |       |       ||    20
       Broad axe         |    44 |    96 |   289 |   162 |       ||   591
       Headbutt          |     3 |    22 |    53 |   110 |    15 ||   203
       Battleaxe         |       |       |       |    95 |       ||    95
       War axe           |       |       |       |   191 |    59 ||   250
Throw: Throwing net      |       |     1 |     2 |     1 |       ||     4
       Stone             |       |     2 |       |     1 |       ||     3
       Dart              |       |       |       |     6 |     3 ||     9
       Boomerang         |       |       |       |     9 |     6 ||    15
Invok: Berserk           |       |     1 |     3 |     8 |     1 ||    13
       Brothers in Arms  |       |       |       |     9 |       ||     9
       Trog's Hand       |       |       |       |     2 |     1 ||     3
Evoke: Wand              |       |       |     2 |     8 |       ||    10
  Use: Scroll            |       |     6 |     8 |    22 |       ||    36
       Potion            |       |     1 |     2 |    14 |     4 ||    21
 Stab: Sleeping          |     1 |       |       |     2 |       ||     3
Armor: Animal skin       |     4 |       |       |       |       ||     4
       Quicksilver drago |    29 |    43 |   114 |   128 |       ||   314
       Plate armour      |       |       |       |     6 |    19 ||    25
Dodge: Dodged            |    57 |    68 |   194 |   405 |    34 ||   758

Table legend: (Time is in decaauts)
 A = Elapsed time spent in this place.
 B = Non-inter-level travel time spent in this place.
 C = Inter-level travel time spent in this place.
 D = Time resting spent in this place.
 E = Time spent auto-exploring this place.
 F = Levels seen in this place.
 G = Mean time per level.
                   A        B        C        D        E       F      G
               +--------+--------+--------+--------+--------+-----+--------+
         Total |  16290 |  15892 |    398 |   5307 |   6809 |  14 | 1163.6 |
       Dungeon |  12133 |  11921 |    212 |   3531 |   5815 |  10 | 1213.3 |
        Temple |     97 |     88 |      9 |      0 |     83 |   1 |   97.0 |
  Orcish Mines |   3879 |   3703 |    176 |   1775 |    910 |   2 | 1939.5 |
       Ossuary |    179 |    179 |      0 |      0 |      0 |   1 |  179.0 |
               +--------+--------+--------+--------+--------+-----+--------+

Top non-repeatable levels by time:
     D:9: 3112 daAuts
   Orc:1: 1941 daAuts
   Orc:2: 1938 daAuts
     D:4: 1302 daAuts
     D:8: 1293 daAuts
     D:7: 1221 daAuts
     D:3: 1108 daAuts
     D:5: 1030 daAuts
     D:6: 962 daAuts
     D:2: 927 daAuts
     D:1: 909 daAuts
    D:10: 266 daAuts
 Ossuary: 179 daAuts
  Temple: 97 daAuts
